cohdb
Replays
Latest Replays
All Replays
Popular Replays
Top Player Replays
Match Explorer
How It Works
Community
CoH3 Stats
Reddit
Sign in to upload your games and track your stats! →
Sign in with Steam
Match 36558236
Unlisted
Match 36558236
Overview
Messages
Build Orders
End
Engineer Squad
Construct Weapon Support Center
Selects Armored Battlegroup
Bazooka Squad
Bazooka Squad
Selects Assault Engineers
Construct Medical Station
Assault Engineer Squad
Selects Fast Deploy
Bazooka Squad
Improved M9 Bazooka Rockets
.30 cal Machine Gun
Assault Engineer Squad
Mechanized Support Center
Bazooka Squad
Mortar Pit
Bazooka Squad
.30 cal Machine Gun
Bazooka Squad
Bazooka Squad
Construct Tank Depot
.30 cal Machine Gun
Bazooka Squad
Selects M8 Scott SPG
Selects UNKNOWN (2160077)
Selects M31 Recovery Vehicle
Assault Engineer Squad
M4A3E8 Sherman Easy Eight
Selects War Machine
Bazooka Squad
Bazooka Squad
Bazooka Squad
M4(105) Sherman Bulldozer
ItsEnough
向后
Rafael Nadal
Reggie Perrin
Atomic Floyd
Microsoft Outlook
deadsadbadmad
Alessandro-9891
0
0
Comments
sign in to comment!
No comments posted yet!